 Dungeon Crawl Stone Soup version 0.16-a0-3920-g0a6a257 (console) character file.

118 mauris the Changer (level 5, 4/37 HPs)
             Began as a Merfolk Transmuter on Feb 4, 2015.
             Was a Believer of Cheibriados.
             Quit the game on level 3 of the Dungeon.
             The game lasted 00:12:32 (2637 turns).

mauris the Changer (Merfolk Transmuter)             Turns: 2637, Time: 00:12:33

Health: 4/37       AC:  4    Str: 14    XL:     5   Next: 2%
Magic:  9/9        EV: 13    Int: 18    God:    Cheibriados [**....]
Gold:   69         SH:  0    Dex: 18    Spells: 2 memorised, 4 levels left

rFire  x . .     SeeInvis .     s - -3 spear (curse)
rCold  + . .     Clarity  .     c - +0 robe
rNeg   . . .     SustAb   .     (no shield)
rPois  .         Gourm    .     p - +1 helmet
rElec  .         Spirit   .     (no cloak)
rCorr  .         Warding  .     (no gloves)
rMut   +         Stasis   .     (no boots)
MR     +....                    j - amulet of resist mutation
Stlth  ++........               n - ring of protection from magic
                                k - ring of ice

@: lethally poisoned (4 -> -7), very slow, somewhat resistant to hostile
enchantments, unstealthy
A: change form in water, swift swim, no device heal 1
a: Bend Time, Renounce Religion


You were on level 3 of the Dungeon.
You worshipped Cheibriados.
Cheibriados was pleased with you.
You were not hungry.

You visited 1 branch of the dungeon, and saw 3 of its levels.

You collected 69 gold pieces.

Inventory:

Hand weapons
 q - a +0 whip
 s - a cursed -3 spear (weapon)
Missiles
 b - 12 arrows
Armour
 c - a +0 robe (worn)
 p - a +1 helmet (worn)
Jewellery
 j - an amulet of resist mutation (around neck)
 k - a ring of ice (left hand)
 n - a ring of protection from magic (right hand)
Scrolls
 e - a scroll of identify {@r1}
 g - a scroll of blinking
Potions
 h - a potion of ambrosia {!q}
Books
 d - a book of Changes

   Spells                             Type                      Level
   a - Beastly Appendage              Transmutation                1
   b - Sticks to Snakes               Transmutation                2
   c - Spider Form                    Transmutation/Poison         3
   d - Ice Form                       Ice/Transmutation            4
   e - Blade Hands                    Transmutation                5
Comestibles
 a - a bread ration
 f - 3 fruits
 m - 2 chunks of flesh
 r - a meat ration


   Skills:
 - Level 1.1 Fighting
 - Level 2.6 Dodging
 - Level 3.2 Unarmed Combat
 - Level 2.0 Spellcasting
 + Level 6.6 Transmutations


You had 4 spell levels left.
You knew the following spells:

 Your Spells              Type           Power        Failure   Level  Hunger
a - Beastly Appendage     Trmt           ####..       1%          1    #......
b - Spider Form           Trmt/Pois      ##........   17%         3    ###....


Dungeon Overview and Level Annotations

Branches:
Dungeon (3/15)

Altars:
Cheibriados
Makhleb

Annotations:
D:2 exclusion: adder


Innate Abilities, Weirdness & Mutations

You revert to your normal form in water.
You are very nimble and swift while swimming.
Potions and wands are less effective at restoring your health.


Message History

Cheibriados raises the support of your attributes as your movement slows.
You have reached level 5!
You feel clever.
* * * LOW HITPOINT WARNING * * *
You feel sick.
Damage: -3%(-1hp) hp: 11%(4hp) Unknown command.
Unknown command.
Unknown command.
Unknown command.
You are a level 5 Merfolk Transmuter.
You are 2% of the way to level 6.
Play time: 00:12:24 (2637 turns)
You are alive.
You are lethally poisoned (4 -> -7).
Your movement speed is very slow.
Your attack speed is below average.
You are somewhat resistant to hostile enchantments.
You feel unstealthy.
Drink which item? (? for menu, Esc to quit)
Okay, then.
Enter note: nice Are you sure you want to abandon this character and quit the game? (Confirm with "yes".)

.....#....##...##..####
#.........####...##
##.....#######.#..##
#..#####..........#
#..# #.####.##.## ##..#
##.# ##.# #...####..#
#..# #.#.##...## #.##
#.#....### #m# ..#..###
#.# ......# #.#
..####.. ..# ..# ###.
$.. . # .... ....
...... ...


There were no monsters in sight!

Vanquished Creatures
  A hound (D:3)
  Jessica (D:2)
  An adder (D:3)
  A giant mite (D:2)
  A worm (D:2)
  A giant gecko (D:2)
  3 giant cockroaches
  6 goblins
  8 hobgoblins
  4 kobolds
  5 bats
  9 giant newts
  11 rats
52 creatures vanquished.

Notes
Turn   | Place    | Note
--------------------------------------------------------------
     0 | D:1      | mauris, the Merfolk Transmuter, began the quest for the Orb.
     0 | D:1      | Reached XP level 1. HP: 15/15 MP: 3/3
   112 | D:1      | Found a snail-covered altar of Cheibriados.
   156 | D:1      | Huge Dmg: 6 Dmg
   157 | D:1      | Reached XP level 2. HP: 11/21 MP: 2/4
   169 | D:1      | Became a worshipper of Cheibriados the Contemplative
   348 | D:1      | Huge Dmg: 4 Dmg
   566 | D:1      | Reached skill level 4 in Transmutations
   796 | D:1      | Reached XP level 3. HP: 24/26 MP: 6/6
   978 | D:2      | Huge Dmg: 6 Dmg
   979 | D:2      | Huge Dmg: 10 Dmg
  1196 | D:2      | Reached skill level 5 in Transmutations
  1574 | D:2      | Noticed Jessica
  1586 | D:2      | Killed Jessica
  1586 | D:2      | Reached XP level 4. HP: 32/32 MP: 7/7
  1683 | D:2      | Huge Dmg: 9 Dmg
  1689 | D:2      | Huge Dmg: 3 Dmg
  1709 | D:2      | Huge Dmg: 3 Dmg
  1958 | D:3      | fighting bats with chei
  2008 | D:3      | nice spear
  2011 | D:3      | Huge Dmg: 5 Dmg
  2019 | D:3      | Huge Dmg: 5 Dmg
  2455 | D:3      | Huge Dmg: 6 Dmg
  2456 | D:3      | Reached skill level 6 in Transmutations
  2465 | D:3      | Learned a level 3 spell: Spider Form
  2569 | D:3      | Found a burning altar of Makhleb.
  2624 | D:3      | Gained mutation: Potions and wands are less effective at restoring your health. [potion of mutation]
  2635 | D:3      | Huge Dmg: 8 Dmg
  2636 | D:3      | Reached XP level 5. HP: 5/37 MP: 9/9
  2637 | D:3      | nice
  2637 | D:3      | Quit the game

Action                   |  1- 3 |  4- 6 || total
-------------------------+-------+-------++-------
Melee: Unarmed           |   104 |       ||   104
       Whip              |    18 |    27 ||    45
       Spear             |       |    90 ||    90
 Cast: Beastly Appendage |    10 |       ||    10
  Use: Scroll            |     4 |     2 ||     6
       Potion            |       |     3 ||     3
  Eat: Chunk             |     2 |     2 ||     4

Vault maps used:
D:1:      evilmike_arrival_rings, cheibriados_altar_1
D:2:      roderic_lattice_a, uniq_jessica
D:3:      makhleb_heckhound_becter, first_bread
